 Dungeon Crawl Stone Soup version 0.14-a0-1707-g75daffb (webtiles) character file.

248 Psiweapon the Stinger (level 5, -2/31 HPs)
             Began as an Octopode Venom Mage on Dec 31, 2013.
             Slain by a crimson imp
             ... wielding a -1,+1 orcish flail
              (5 damage)
             ... on Level 3 of the Dungeon.
             The game lasted 00:12:28 (3168 turns).

Psiweapon the Stinger (Octopode Venom Mage)         Turns: 3168, Time: 00:12:28

HP  -2/31        AC  1     Str  7 (8)  XL: 5   Next: 29%
MP   5/9         EV 13     Int 18      God:
Gold 101         SH  0     Dex 12      Spells:  3 memorised,  2 levels left

rFire  . . .     SeeInvis .     j - +0 whip (flame)
rCold  . . .     Clarity  .     (no shield)
rNeg   . . .     Conserve .     (helmet restricted)
rPois  .         rCorr    .     (no amulet)
rElec  .         rRot     .     (no ring)
SustAb . .       Spirit   .     (no ring)
rMut   .         Warding  .     (no ring)
Saprov . . .     Stasis   .     (no ring)
                                (no ring)
                                (no ring)
                                (no ring)
                                (no ring)

@: slightly resistant to hostile enchantments, quite stealthy
A: almost no armour, amphibious, 8 rings, constrict 8, camouflage 1, gelatinous
body 1
a: no special abilities


You were on level 3 of the Dungeon.
You were not hungry.

You visited 1 branch of the dungeon, and saw 4 of its levels.

You collected 101 gold pieces.

Inventory:

Hand weapons
 a - a +0,+0 elven dagger
 j - a +0,+0 whip of flaming (weapon)
 u - a +0,+0 sling
Missiles
 f - 15 sling bullets
 n - 109 stones
 p - a tomahawk (quivered)
Magical devices
 r - a wand of random effects (15) {unknown}
Comestibles
 c - 3 bread rations
 i - 4 pears
 k - a meat ration
 s - a choko
 v - a chunk of gnoll flesh
Scrolls
 d - a scroll of noise {unknown}
 e - 2 scrolls of teleportation {unknown}
 g - a scroll of random uselessness {unknown}
 h - a scroll of recharging {unknown}
 m - 2 scrolls of remove curse {unknown}
 t - a scroll of identify {unknown}
 y - a scroll of immolation {unknown}
Potions
 l - a potion of degeneration
 o - a potion of invisibility {unknown}
 q - a potion of paralysis {unknown}
Books
 b - a Young Poisoner's Handbook

   Spells                             Type                      Level
   *Sting                             Conjuration/Poison           1
   *Cure Poison                       Poison                       2
   *Mephitic Cloud                    Conjuration/Poison/Air       3
   Olgreb's Toxic Radiance            Poison                       4
   Venom Bolt                         Conjuration/Poison           5


   Skills:
 + Level 0.6 Slings
 + Level 3.0 Dodging
 + Level 4.3 Stealth
 - Level 2.0 Spellcasting
 + Level 2.1 Conjurations
 + Level 5.6 Poison Magic


You had 2 spell levels left.
You knew the following spells:

 Your Spells              Type           Power        Failure   Level  Hunger
a - Sting                 Conj/Pois      ###.         4%          1    #......
b - Mephitic Cloud        Conj/Pois/Air  ##......     21%         3    ####...
c - Cure Poison           Pois           ###.......   2%          2    ##.....


Dungeon Overview and Level Annotations

Branches:
Dungeon (4/16)
 Temple: D:4-7

Altars:
Nemelex Xobeh

Annotations:
D:3 Sigmund


Innate Abilities, Weirdness & Mutations

You cannot wear most types of armour.
You are amphibious.
You can wear up to eight rings at the same time.
You can use your tentacles to constrict many enemies at once.
Your skin changes colour to match your surroundings (Stlth).
Your rubbery body absorbs attacks (AC +1).


Message History

You constrict the crimson imp. The crimson imp completely misses you.
You hit the crimson imp.
The crimson imp is moderately wounded.
You constrict the crimson imp.
The crimson imp hits you with an orcish flail.
* * * LOW HITPOINT WARNING * * *
You hit the crimson imp.
The crimson imp is severely wounded.
You constrict the crimson imp.
The crimson imp hits you with an orcish flail.
* * * LOW HITPOINT WARNING * * *
You hit the crimson imp.
The crimson imp is almost dead.
You constrict the crimson imp. The crimson imp closely misses you.
Drink which item? (? for menu, Esc to quit)
There was something very wrong with that liquid!
You feel weakened.
It was a potion of degeneration.
You constrict the crimson imp.
The crimson imp hits you with an orcish flail.
You die...

##.# #.# o.<#
#.# ##.# #.#
...## #.#
#...# #.#
#...# ##.####
....#
$..####.....#
...##
#.......).5[#
...#
#######..@..#
####
#.........#
#..........<#
...........#
...######...#
### #...#
#...# #####


You could see a crimson imp.

Vanquished Creatures
  3 adders
  3 gnolls
  A giant mite (D:2)
  A worm (D:2)
  A giant gecko (D:4)
  An ooze (D:1)
  2 orcs (D:4)
  5 bats
  9 hobgoblins
  11 jackals
  10 kobolds
  2 quokkas (D:3)
  6 giant cockroaches
  4 giant newts
  8 goblins
  8 rats
75 creatures vanquished.

Notes
Turn   | Place    | Note
--------------------------------------------------------------
     0 | D:1      | Psiweapon, the Octopode Venom Mage, began the quest for the Orb.
     0 | D:1      | Reached XP level 1. HP: 11/11 MP: 3/3
   246 | D:1      | Reached XP level 2. HP: 17/17 MP: 2/4
   248 | D:1      | Reached skill level 5 in Poison Magic
   600 | D:1      | Reached skill level 1 in Conjurations
   705 | D:1      | Reached XP level 3. HP: 8/21 MP: 4/6
  1132 | D:2      | Learned a level 3 spell: Mephitic Cloud
  1135 | D:2      | Learned a level 2 spell: Cure Poison
  1700 | D:2      | Reached XP level 4. HP: 27/27 MP: 2/7
  2105 | D:2      | Found a sparkling altar of Nemelex Xobeh.
  2811 | D:3      | Noticed Sigmund
  2888 | D:4      | Reached XP level 5. HP: 31/31 MP: 0/9
  3141 | D:4      | Noticed an ogre
  3168 | D:3      | Slain by a crimson imp

Action                   |  1- 3 |  4- 6 || total
-------------------------+-------+-------++-------
Melee: Dagger            |    48 |    28 ||    76
       Unarmed           |     1 |     3 ||     4
       Whip              |       |    23 ||    23
 Fire: Sling             |       |    10 ||    10
Throw: Tomahawk          |     4 |     4 ||     8
       Stone             |     1 |       ||     1
 Cast: Sting             |    34 |    41 ||    75
       Mephitic Cloud    |     2 |     5 ||     7
       Cure Poison       |       |     1 ||     1
  Use: Potion            |       |     1 ||     1
 Stab: Sleeping          |     4 |     3 ||     7
